 Dungeon Crawl Stone Soup version 0.30.2 (webtiles) character file.

Game seed: 1500290660448846123

164 porpoise the Poker (level 5, 0/41 HPs)
             Began as a Demonspawn Gladiator on Apr 13, 2024.
             Succumbed to a scorpion's poison
             ... on level 4 of the Dungeon.
             The game lasted 00:05:03 (2062 turns).

porpoise the Poker (Demonspawn Gladiator)           Turns: 2062, Time: 00:05:03

Health: 0/41       AC:  4    Str: 16    XL:     5   Next: 21%
Magic:  5/5        EV: 12    Int: 10    God:
Gold:   190        SH:  0    Dex: 14    Spells: 4/4 levels left

rFire   . . .        a - +0 trident
rCold   . . .        (no shield)
rNeg    . . .        l - +0 leather armour
rPois   .            c - +0 helmet
rElec   .            (no cloak)
rCorr   .            (no gloves)
SInv    .            (no boots)
Will    .....        (no amulet)
Stlth   +            (no ring)
HPRegen 0.26/turn    (no ring)
MPRegen 0.09/turn

%: no passive effects
@: lethally poisoned (0 -> -13)
A: demonic magic 1
a: no special abilities


You were on level 4 of the Dungeon.
You visited 1 branch of the dungeon, and saw 4 of its levels.

You collected 190 gold pieces.

Inventory:

Hand Weapons
 a - a +0 trident (weapon)
 b - a +0 sling
Missiles
 d - 3 throwing nets (quivered)
 e - a javelin
Armour
 c - a +0 helmet (worn)
 l - a +0 leather armour (worn)
Scrolls
 h - a scroll of fear {unknown}
 k - a scroll of vulnerability {unknown}
 m - 2 scrolls of identify
 n - 2 scrolls of teleportation {unknown}
 o - a scroll of blinking {unknown}
Potions
 f - 3 potions of heal wounds
 g - a potion of attraction
 i - 2 potions of curing
 j - a potion of invisibility {unknown}
 p - 3 potions of lignification {unknown}
 q - a potion of mutation {unknown}


   Skills:
 + Level 3.4 Fighting
 * Level 4.7 Polearms
 - Level 1.7 Throwing
 - Level 2.6 Dodging


You had 4 spell levels left.
You didn't know any spells.
Your spell library contained the following spells:

 Spells                   Type           Power      Damage    Failure   Level
 Tukima's Dance           Hex            0%         N/A       80%         3
 Passage of Golubria      Tloc           0%         N/A       99%         4
 Yara's Violent Unravell  Hex/Tmut       0%         3d3       100%        5


Dungeon Overview and Level Annotations

Branches:
Dungeon (4/15)
 Temple: D:4-7

Altars:
Hepliaklqana

Shops:
D:4 :


Innate Abilities, Weirdness & Mutations

Spells you cast may paralyse adjacent enemies.


Message History

There is an open door here.
You hit the endoplasm.
The endoplasm is moderately wounded.
The endoplasm hits you but does no damage.
The endoplasm barely misses you.
You hit the endoplasm but do no damage.
The endoplasm is lightly wounded.
The scorpion stings you.
You are poisoned.
The scorpion poisons you! The endoplasm hits you.
You puncture the endoplasm!
You kill the endoplasm!
You feel very sick. The scorpion stings you.
You are more poisoned.
The scorpion poisons you!
You hit the scorpion but do no damage.
You feel very sick. The scorpion closely misses you.
You hit the scorpion but do no damage.
You feel very sick. The scorpion barely misses you. x2
You are too injured to fight recklessly!
You barely miss the scorpion.
You feel sick. The scorpion misses you.
You hit the scorpion but do no damage.
You feel very sick. The scorpion barely misses you.
You hit the scorpion.
The scorpion is lightly wounded.
You feel sick. The scorpion stings you.
* * * LOW HITPOINT WARNING * * *
You closely miss the scorpion.
The scorpion is lightly wounded.
You feel sick. The scorpion stings you.
* * * LOW HITPOINT WARNING * * *
You are more poisoned.
The scorpion poisons you! The scorpion closely misses you.
You barely miss the scorpion.
The scorpion is lightly wounded.
You die...

#......#
........##.#.##.#
........##.#..#.#
........##.##.#.#
........##.##.#.#
..!.....##.##.#.########
........##.##..)........
.......s##.#####.#######
.......@'......<........
...$....##.####.#.####.#
........##.# #.#.#
........##)# #.#.#
##########.# #.#.# #.#
#.#.# #.. #.#.# ### #..


You could see a scorpion.

Vanquished Creatures
  2 iguanas
  An orc wizard (D:3)
  An adder (D:4)
  3 dart slugs (D:1)
  5 orcs (D:3)
  4 ball pythons
  6 endoplasms
  4 giant cockroaches
  3 goblins (D:1)
  8 hobgoblins
  5 kobolds
  A quokka (D:2)
  10 bats
  4 frilled lizards
  9 rats
66 creatures vanquished.

Notes
Turn   | Place    | Note
-------+----------+-------------------------------------------
     0 | D:1      | porpoise the Demonspawn Gladiator began the quest for the
                  | Orb.
     0 | D:1      | Reached XP level 1. HP: 16/16 MP: 1/1
    20 | D:1      | Reached skill level 3 in Polearms
    90 | D:1      | Gained mutation: Spells you cast may paralyse adjacent
                  | enemies. [demonic ancestry]
    90 | D:1      | Reached XP level 2. HP: 22/22 MP: 2/2
   298 | D:1      | Reached XP level 3. HP: 27/28 MP: 3/3
   770 | D:2      | Found a hazy altar of Hepliaklqana.
  1019 | D:3      | Reached skill level 4 in Polearms
  1019 | D:3      | Reached XP level 4. HP: 20/35 MP: 4/4
  1907 | D:4      | Reached XP level 5. HP: 30/41 MP: 5/5
  1955 | D:4      | Found Vaf Diseu's Tremendous Tomes.
  2061 | D:4      | HP: 2/41 [scorpion (3)]
  2062 | D:4      | Succumbed to a scorpion's poison

Illustrated notes

Levels and vault maps discovered:
D:1:      dpeg_arrival_pond, layout_rooms
D:2:      layout_rooms, basic_altar
D:3:      layout_loops_cross
D:4:      layout_basic, mainiacjoe_overflow_chevrons,
          mainiacjoe_overflow_surrounded_room, ebering_dispersal_statue_hall,
          nicolae_shop_i_like_big_books

Skill      XL: |  1  2  3 |
---------------+----------+-----
Polearms       | 3 4 |  4.7
Fighting       | 3 |  3.4
Throwing       | |  1.7
Dodging        | |  2.6

Action                     |  1- 3 |  4- 6 || total
---------------------------+-------+-------++-------
  Melee: Trident           |   133 |    93 ||   226
         Punch             |       |     1 ||     1
   Fire: Sling             |     1 |       ||     1
    Use: Scroll            |       |     3 ||     3
   Stab: Sleeping          |       |     2 ||     2
 Armour: Leather armour    |    27 |    17 ||    44
  Dodge: Dodged            |    58 |    21 ||    79
